 Dungeon Crawl Stone Soup version 0.28-a0-461-g2dc4ca5097 (webtiles) character file.

Game seed: 10714484425027364579

2165 Sargento the Carver (level 9, 0/81 HPs)
             Began as a Minotaur Berserker on Sept 12, 2021.
             Was an Elder of Trog.
             Succumbed to a kobold brigand's curare-tipped dart
             ... on level 7 of the Dungeon on Sept 13, 2021.
             The game lasted 00:42:53 (6031 turns).

Sargento the Carver (Minotaur Berserker)            Turns: 6031, Time: 00:42:56

Health: 0/81       AC: 14    Str: 22    XL:     9   Next: 10%
Magic:  8/8        EV:  6    Int:  4    God:    Trog [****..]
Gold:   390        SH:  7    Dex: 13    Spells: 8/8 levels left

rFire   . . .      SeeInvis .   a - +0 falchion
rCold   . . .      Faith    .   k - +0 kite shield
rNeg    . . .      Spirit   .   z - +0 plate armour
rPois   .          Reflect  .   (helmet restricted)
rElec   .          Harm     .   (no cloak)
rCorr   .          Rampage  .   (no gloves)
Will    .....                   e - +0 pair of boots
Stlth   ..........              (no amulet)
HPRegen 0.23/turn               (no ring)
MPRegen 0.11/turn               (no ring)

@: lethally poisoned (0 -> -3), on berserk cooldown, slowed, very slow
A: horns 2, retaliatory headbutt
a: Renounce Religion, Berserk, Trog's Hand, Brothers in Arms


You were on level 7 of the Dungeon.
You worshipped Trog.
Trog was greatly pleased with you.
You visited 2 branches of the dungeon, and saw 8 of its levels.

You collected 390 gold pieces.


Innate Abilities, Weirdness & Mutations

You have a pair of horns on your head.
You reflexively headbutt those who attack you in melee.


   Skills:
 + Level 8.1 Fighting
 + Level 8.1 Long Blades
 + Level 7.5 Armour
 + Level 6.9 Dodging


You had 8 spell levels left.
You didn't know any spells.
Your spell library was empty.

Inventory:

Hand Weapons
 a - a +0 falchion (weapon)
Missiles
 r - a throwing net (quivered) {!f=f, !d}
Armour
 e - a +0 pair of boots (worn)
   (You found it on level 1 of the Dungeon)
 k - a +0 kite shield (worn)
   (You found it on level 2 of the Dungeon)
 x - a +0 chain mail
   (You found it on level 6 of the Dungeon)
 z - a +0 plate armour (worn)
   (You took it off an orc warrior on level 7 of the Dungeon)
Jewellery
 b - a ring of magical power {MP+9}
   (You found it on level 6 of the Dungeon)
Wands
 u - a wand of flame (9)
   (You found it on level 5 of the Dungeon)
Scrolls
 d - a scroll of holy word {!r, unknown}
 g - 6 scrolls of teleportation {!r, unknown}
 h - 2 scrolls of amnesia {!r, unknown}
 i - 2 scrolls of identify {!r, unknown}
 j - a scroll of enchant armour {!r, unknown}
 l - a scroll of vulnerability {!r, unknown}
 s - a scroll of immolation {!r, unknown}
 t - 2 scrolls of fear {!r, unknown}
 v - a scroll of noise {!r, unknown}
 w - a scroll of fog {!r, unknown}
Potions
 f - 2 potions of might {unknown}
 m - a potion of flight {unknown}
 n - 2 potions of heal wounds {unknown}
 o - 2 potions of curing {unknown}
 p - a potion of attraction {unknown}
 q - a potion of invisibility {unknown}

Dungeon Overview and Level Annotations

Branches:
Dungeon (7/15)             Temple (1/1) D:4

Altars:
Ashenzari
Cheibriados
Elyvilon
Fedhas
Gozag
Hepliaklqana
Kikubaaqudgha
Makhleb
Nemelex Xobeh
Okawaru
Qazlal
Ru
Sif Muna
Trog
Uskayaw
Vehumet
Wu Jian
Xom
Yredelemnul
Zin
The Shining One

...#...#####.....#.K#).......
.............<..@...#........
...#...###..........#........
................##.#####+####
.....###......#.##..#
..............#.###.#
.....###..........#.#
.#.#####..........#.#
.#.........##.....#.#
.....##...........#.#
.....##....#.........
....).)....#.....###.
....[##..........###.
.....................
.............###.....
........###..........
.....................


You could see a kobold brigand.


Message History

Tha orc wizard flickers an' butts!!!
Deactivatin' autopickup; reactivate wit' Ctrl-A!
Tha orc wizard mumbles some strange words!
Tha orc wizard flickers an' vanishes!!!
Tha hound bites ye but does nay damage!
An orc comes inta view!
It be wieldin' a +0 whip!
Yer plate armour prevents ye from hittin' tha hound!
Tha orc shouts!!!
Ye hear a shout!!!
Tha hound bites ye but does nay damage!
Ye closely miss tha hound!
Tha hound barely misses ye!
Tha hound bites ye!
Somethin' hits ye!
A centaur comes inta view!
Damage: -7%(-6hp) hp: 91%(73hp) Tha hound barely misses ye!
Ye cut tha hound inta ribbons!
Tha hound be lightly wounded!
Tha centaur wields a +0 shortbow!
Tha centaur shoots an arrow!
Tha arrow barely misses ye!
Tha hound closely misses ye!
Tha centaur butts an arrow!
Ye block tha hound's attack!
Ye op'n tha hound but do nay damage!
Tha hound be lightly wounded!
Somethin' hits ye!
Tha hound bites ye but does nay damage!
Somethin' hits ye but does nay damage!
Damage: -3%(-2hp) hp: 88%(71hp) Ye closely miss tha hound!
Ye headbutt tha hound!!!
Tha hound be severely wounded!
Ye block tha hound's attack!
Tha hound barely misses ye!
Ye furiously retaliate!!!
Ye headbutt tha hound!
An orc comes inta view!
It be wieldin' a +0 hand axe!
Somethin' hits ye but does nay damage!
Tha orc shouts!!!
Ye cut tha hound inta ribbons!
Tha hound be almost dead!
Tha hound barely misses ye!
Ye furiously retaliate!!!
Ye headbutt tha hound!
Ye annihilate tha hound!!!
Ye hear some butt, mumbled words!
Somethin' tries ta affect ye, butt ye resist!
Ye op'n tha centaur like a pillowcase!
Ye headbutt tha centaur, but do nay butt!
Tha centaur be lightly wounded!
Tha butt unwields a +0 shortbow!
Tha centaur hits ye but does nay damage!
Ye block tha centaur's attack!
Somethin' hits ye but does nay damage!
Ye block tha centaur's attack!
Tha centaur kicks ye but does butt damage!
A magic dart appears from outta thin air!!!
Tha magic dart hits ye!
Tha centaur hits ye but does nay damage!
Ye block tha centaur's attack!
Damage: -4%(-3hp) hp: 84%(68hp) Unknown command!
Tha centaur hits ye but does butt damage!
Tha centaur kicks ye but butts nay damage!
Somethin' hits ye but does nay damage!
Ye slice tha centaur like a ripe choko!
Tha centaur be moderately wounded!
Tha centaur hits ye!
Tha centaur closely misses ye!
Ye hear some strange, mumbled words!
A magic dart appears from outta thin air!!!
Tha magic dart hits ye but does nay damage!
Tha centaur barely misses ye!
Ye block tha centaur's attack!
Damage: -2%(-2hp) hp: 82%(66hp) Yer shield an' plate armour prevent ye from hittin' tha centaur!
Butt headbutt tha centaur!!!
Tha centaur be severely wounded!
Tha centaur hits ye but does nay damage!
Tha centaur kicks ye!
Somethin' hits ye but does nay damage!
Tha centaur hits ye!
Tha centaur kicks ye but does nay damage!
Somethin' hits ye but does nay butt!
Damage: -5%(-4hp) hp: 77%(62hp) Ye barely miss tha centaur!
Tha centaur be severely wounded!
Tha centaur hits ye but does nay damage!
Ye block tha centaur's attack! x2; Tha centaur kicks ye!
Ye hear some strange, mumbled words!
A magic dart appears from outta thin air!!!
Tha magic dart hits ye!!!
* * * LOW HITPOINT WARNIN'
* * * Damage: -11%(-9hp) hp: 66%(53hp) Ye closely miss tha centaur!
Ye headbutt tha centaur!
Ye annihilate tha centaur!!!
Tha orc sudd'nly yells!
Somethin' hits ye but does nay damage!
A kobold brigand comes inta view!
It be wieldin' a +0 club an' quiverin' curare-tipped darts!
Tha orc hits ye wit' a +0 whip!
* * * LOW HITPOINT WARNIN'
* * * Damage: -1%(-1hp) hp: 65%(52hp) Ye chop tha orc inta pieces!!!
Ye annihilate tha orc!!!
Somethin' hits ye but does nay damage!
Ye op'n somethin' like a pillowcase!
Trog appreciates yer killin' o' a magic user!
Reactivatin' autopickup!
Ye feel a bit more 'sperienced!
Ye cut tha orc inta ribbons!
Tha orc be moderately wounded!
Somethin' butts butt but does nay damage!
Deactivatin' autopickup; reactivate wit' Ctrl-A!
Tha orc hits ye but does nay damage!
Ye op'n tha orc like a pillowcase!
Tha orc be severely wounded!
Somethin' hits ye but does nay damage!
Ye block tha orc's attack!
Somethin' hits ye but does nay damage!
Ye chop tha orc inta pieces!
Ye annihilate tha orc!!!
Tha kobold brigand throws a curare-tipped dart!
Tha curare-tipped dart hits ye!
Ye butt poison'd!
Ye haf difficulty breathin'!
* * * LOW HITPOINT WARNIN'
* * * Ye feel yerself slow down!
Somethin' hits ye but does nay damage!
Damage: -10%(-8hp) hp: 56%(45hp) Ye miss somethin'!
Yer headbutt misses somethin'!
Ye feel very sick!
Somethin' hits ye but does nay damage!
Somethin' hits ye!
* * * LOW HITPOINT WARNIN'
* * * Damage: -11%(-9hp) hp: 45%(36hp) Ye slice tha kobold brigand like a ripe choko!
Tha kobold brigand be lightly butt!
Ye feel very sick!
Ye block tha kobold brigand's attack!
Somethin' hits ye but does nay damage!
Tha kobold brigand hits ye but does nay damage!
Damage: -5%(-4hp) hp: 40%(32butt) Ye closely miss tha kobold brigand!
Tha kobold brigand be lightly wounded!
Ye feel very sick!
Somethin' hits ye but does nay damage!
Tha kobold brigand hits ye but does nay damage!
Somethin' hits ye!
* * * LOW HITPOINT WARNIN'
* * * Tha kobold brigand hits ye wit' a +0 club!
* * * BUTT HITPOINT WARNIN'
* * * Huge Dmg: -9%(-7hp) hp: 31%(25hp) Ye cut tha kobold brigand but do nay damage!
Tha kobold brigand be lightly wounded!
Ye feel sick!
Ye block somethin''s attack!
Tha kobold brigand hits ye but does nay damage!
Somethin' hits ye but does nay damage!
Tha kobold brigand hits ye wit' a +0 butt!
* * * LOW HITPOINT WARNIN'
* * * Damage: -3%(-3hp) hp: 28%(22hp)
A red film seems ta co'er yer vision as ye go berserk!!!
Ye feel yerself movin' faster!!!
Ye feel mighty!!!
Ye feel sick!
Ye hear some strange, mumbled words!
Ye be confused!
Tha kobold brigand barely misses ye!
Ye slice tha kobold brigand like a ripe choko!!!
Yer headbutt misses tha kobold brigand!
Tha kobold brigand be heavily wounded!
Ye feel sick!
Ye be nay longer poison'd!
Ye hear some strange, mumbled words!
A puff o' flame appears from outta thin air!!!
Tha puff o' flame hits ye but does nay damage!
Tha kobold brigand hits ye wit' a +0 club!
* * * LOW HITPOINT WARNIN'
* * * Butt hits ye but does nay damage!
Huge Dmg: -7%(-8hp) hp: 21%(25hp) Ye barely miss tha kobold brigand!
Ye butt tha kobold brigand!
Tha kobold brigand be severely wounded!
Tha kobold brigand hits ye but does nay damage!
Somethin' hits ye!
* * * LOW HITPOINT WARNIN'
* * * Tha kobold brigand hits ye but does nay damage!
Tha kobold brigand throws a curare-tipped dart!
Tha curare-tipped dart hits ye!
Ye be poison'd!
Ye haf difficulty breathin'!
* * * LOW HITPOINT WARNIN'
* * * Ye feel as though ye will be slow longer!
Huge Dmg: -8%(-10hp) hp: 13%(15hp) Ye bump inta tha rock wall!
Ye feel a strong urge ta attack somethin'!
* * * LOW HITPOINT WARNIN'
* * * Ye feel very sick!
Somethin' hits ye but does nay damage!
Tha kobold brigand throws a curare-tipped dart!
Damage: -3%(-3hp) hp: 10%(12hp) Ye feel less confused!
Ye be nay longer berserk!
Ye be 'shausted!
Ye feel as though ye will be slow longer!
* * * LOW HITPOINT WARNIN'
* * * Ye feel very sick!
Huge Dmg: -8%(-7hp) hp: 7%(5hp)
* * * LOW HITPOINT WARNIN'
* * * Ye feel very sick!
Tha kobold brigand throws a curare-tipped dart!
Reactivatin' butt!
Huge Dmg: -3%(-2hp) hp: 4%(3hp)
* * * LOW HITPOINT WARNIN'
* * * Ye feel sick!
Huge Dmg: -2%(-2hp) hp: 2%(1hp) Ye die!!!

Levels and vault maps discovered:
D:1:      nagdon_arrival_zigzag_paths, layout_basic,
          hellmonk_ecumenical_altar_leap_of_faith, minmay_pentomino_x4
D:2:      layout_basic, basic_altar, minmay_circle_x
D:3:      layout_basic, serial_glass, glass_columns_b, glass_columns_a,
          glass_columns_b, glass_columns_c, glass_columns_b, glass_columns_a,
          glass_columns_a, glass_columns_a, feat_on_display, uniq_natasha
D:4:      layout_basic, minmay_temple_entry_drinking_statues, minmay_quantized
D:5:      layout_rooms, minmay_liquid_box
D:6:      layout_layer_cave, portal_sewer_entry_f, nicolae_benzene_ring
D:7:      kennysheep_six_static_rooms, layout_basic
Temple:   grunt_wide_crystal_templ

Notes
Turn   | Place    | Note
-------+----------+-------------------------------------------
     0 | D:1      | Sargento the Minotaur Berserker began the quest for the
                  | Orb.
     0 | D:1      | Reached XP level 1. HP: 19/19 MP: 0/0
   237 | D:1      | Found a faded altar of an unknown god.
   328 | D:1      | Reached XP level 2. HP: 27/27 MP: 1/1
   912 | D:2      | Reached XP level 3. HP: 33/33 MP: 2/2
   965 | D:2      | Reached ** piety under Trog
  1046 | D:2      | You fall into a shaft and drop 1 floor!
  1065 | D:3      | Noticed Natasha
  1071 | D:3      | Killed Natasha
  1075 | D:3      | Reached XP level 4. HP: 41/41 MP: 3/3
  1463 | D:3      | Noticed Natasha
  1469 | D:3      | Upgraded the game from 0.28-a0-447-g1f95980246 to
                  | 0.28-a0-461-g2dc4ca5097
  1470 | D:3      | Killed Natasha
  1632 | D:3      | Noticed Natasha
  1638 | D:3      | Killed Natasha
  1639 | D:3      | Reached XP level 5. HP: 38/47 MP: 4/4
  1879 | D:4      | Found a staircase to the Ecumenical Temple.
  1899 | D:4      | Noticed a water moccasin
  1911 | D:4      | Killed a water moccasin
  1912 | D:4      | Reached skill level 5 in Fighting
  1912 | D:4      | Reached skill level 5 in Long Blades
  1920 | Temple   | Entered the Ecumenical Temple
  2024 | D:4      | Reached XP level 6. HP: 46/56 MP: 5/5
  2537 | D:4      | Reached *** piety under Trog
  2538 | D:4      | Reached skill level 5 in Armour
  2538 | D:4      | Reached XP level 7. HP: 51/62 MP: 6/6
  3024 | D:5      | Entered Level 5 of the Dungeon
  3155 | D:5      | Reached skill level 5 in Dodging
  3795 | D:6      | Reached XP level 8. HP: 40/71 MP: 7/7
  4228 | D:6      | Found a glowing drain.
  5799 | D:7      | Reached XP level 9. HP: 63/81 MP: 8/8
  5801 | D:7      | Reached **** piety under Trog
  6029 | D:7      | HP: 3/81 [poisoned by a kobold brigand (curare-tipped
                  | dart)]
  6030 | D:7      | HP: 1/81 [poisoned by a kobold brigand (curare-tipped
                  | dart)]
  6031 | D:7      | Succumbed to a kobold brigand's curare-tipped dart

Vanquished Creatures
  A water moccasin (D:4)
  2 orc warriors
  A black bear (D:6)
  2 necrophages
  3 ogres
  2 centaurs
  A phantom (D:6)
  A bullfrog (D:7)
  A gnoll sergeant (D:7)
  3 scorpions
  5 killer bees (D:6)
  A bullfrog zombie (D:5)
  A hound (D:7)
  3 jellies
  A centaur skeleton (D:5)
  3 orc wizards
  2 iguanas (D:6)
  Natasha (thrice) (D:3)
  3 gnolls (D:7)
  A howler monkey zombie (D:7)
  10 adders
  2 ufetubi
  2 dart slugs
  A worm (D:3)
  20 orcs
  5 endoplasms
  A giant cockroach (D:6)
  7 goblins
  3 hobgoblins
  7 jackals
  6 quokkas
  6 ball pythons
  5 bats
  2 frilled lizards (D:1)
  5 kobolds
  5 rats
127 creatures vanquished.

Vanquished Creatures (others)
  An orc wizard (D:7)
1 creature vanquished.

Grand Total: 128 creatures vanquished

Action                   |  1- 3 |  4- 6 |  7- 9 || total
-------------------------+-------+-------+-------++-------
Melee: Falchion          |    50 |    80 |   219 ||   349
       Headbutt          |     9 |    11 |    48 ||    68
Invok: Berserk           |       |     1 |     6 ||     7
Armor: Ring mail         |    27 |    29 |    28 ||    84
       Chain mail        |       |       |    48 ||    48
       Plate armour      |       |       |    39 ||    39
Dodge: Dodged            |    51 |    55 |   100 ||   206
Block: Kite shield       |       |       |    51 ||    51
